 Dungeon Crawl Stone Soup version 0.32-a0-599-gba8f9cf90e (webtiles) character file.

Game seed: 4394647831118081339

280 ezpacito the Trooper (level 6, 0/48 HPs)
             Began as a Coglin Chaos Knight on Mar 2, 2024.
             Was a Plaything of Xom.
             Succumbed to Ijyb's poison
             ... on level 4 of the Dungeon.
             The game lasted 00:03:19 (2035 turns).

ezpacito the Trooper (Coglin Chaos Knight)          Turns: 2035, Time: 00:03:20

Health: 0/48       AC:  4    Str: 14 (15) XL:     6   Next: 27%
Magic:  7/7        EV:  7    Int:  8 (11) God:    Xom [*.....]
Gold:   159        SH:  0    Dex: 10 (13) Spells: 6/6 levels left

rFire   . . .        a - +0 hand axe (chaos) {Ramón}
rCold   x . .        r - +1 war axe (vamp) {Kanehira}
rNeg    . . .        i - +0 chain mail
rPois   .            (no helmet)
rElec   .            (no cloak)
rCorr   .            (no gloves)
SInv    .            (no boots)
Will    .....        (amulet unavailable) Stlth
                     (ring unavailable)
HPRegen 0.28/turn    (ring unavailable)
MPRegen 0.10/turn    (no gizmo)

%: no passive effects
@: confused, brilliant, lethally poisoned (0 -> -32), ambrosia-drunk, revving
A: off-hand wielding, slow wielding, warmup strikes, no jewellery, large bone
plates 1, deformed body, cold vulnerability 1
a: Invent Gizmo, Renounce Religion


You were on level 4 of the Dungeon.
You worshipped Xom.
You were a special plaything of Xom.
You visited 1 branch of the dungeon, and saw 4 of its levels.

You collected 159 gold pieces.

Inventory:

Hand Weapons
 a - a +0 hand axe of chaos (weapon) {Ramón}
 b - a +0 spear {Qiu}
 d - a +0 dagger {Yashnoor}
 r - a +1 vampiric war axe (offhand) {Kanehira}
Armour
 i - a +0 chain mail (worn)
Magical Staves
 j - a staff of cold
 l - a staff of air
Scrolls
 c - a scroll of butterflies
 e - 2 scrolls of revelation {unknown}
 g - a scroll of fear {unknown}
 k - 2 scrolls of brand weapon {unknown}
 m - 3 scrolls of fog {unknown}
 o - 3 scrolls of identify {unknown}
 p - a scroll of enchant weapon {unknown}
 s - 2 scrolls of teleportation {unknown}
Potions
 h - a potion of mutation


   Skills:
 * Level 3.8 Fighting
 * Level 3.7(3.9) Axes
 + Level 1.3(2.5) Polearms
 * Level 2.6 Armour
 * Level 2.1 Dodging
 + Level 1.2 Stealth
 + Level 0.8 Unarmed Combat
 + Level 0.9 Spellcasting
 * Level 2.7 Evocations


You had 6 spell levels left.
You didn't know any spells.
Your spell library contained the following spells:

 Spells                   Type           Power      Damage    Failure   Level
 Summon Small Mammal      Summ           0%         N/A       100%        1
 Call Canine Familiar     Summ           0%         N/A       100%        3
 Summon Blazeheart Golem  Fire/Summ      0%         N/A       100%        4
 Haunt                    Necr/Summ      0%         N/A       100%        7
 Borgnjor's Revivificati  Necr           0%         N/A       100%        8
 Death's Door             Necr           0%         N/A       100%        9


Dungeon Overview and Level Annotations

Branches:
Dungeon (4/15)
 Temple: D:4-7

Altars:
Cheibriados
Makhleb
Uskayaw
Wu Jian
Xom

Annotations:
D:4 Ijyb


Innate Abilities, Weirdness & Mutations

You can wield a second weapon in your off-hand.
It takes a long time for you to wield or remove held weapons.
Your first few attacks do less damage.
You cannot equip rings or amulets.
You are partially covered in large bone plates. (SH +4)
Armour fits poorly on your strangely shaped body.
You are vulnerable to cold. (rC-)


Message History

Your body twists and deforms.
Large bone plates grow over parts of your arms.
You feel very sick.
Ijyb hits you with a +2 dagger of venom.
* * * LOW HITPOINT WARNING * * *
You are lethally poisoned!
You take 7 damage, and have 14/48 hp.
It was a potion of ambrosia.
You are confused.
You feel invigorated.
* * * LOW HITPOINT WARNING * * *
You feel very sick.
Ijyb hits you with a +2 dagger of venom.
* * * LOW HITPOINT WARNING * * *
You are more poisoned.
You take 3 damage, and have 11/48 hp.
It was a potion of degeneration.
There was something very wrong with that liquid.
You feel weakened.
You feel dopey.
You feel clumsy.
* * * LOW HITPOINT WARNING * * *
You feel extremely sick. Ijyb hits you but does no damage.
You are more poisoned.
You take 3 damage, and have 8/48 hp.
It was a potion of brilliance.
You feel clever all of a sudden.
Xom roars with laughter!
* * * LOW HITPOINT WARNING * * *
You feel extremely sick.
Ijyb hits you with a +2 dagger of venom.
* * * LOW HITPOINT WARNING * * *
You are more poisoned.
You take 4 damage, and have 4/48 hp.
You are too confused!
Unknown command.
You are too confused!
You are more confused.
You feel more invigorated.
You die...
Xom guffaws!

$ . .## #..
#.# #.## #
#.##.#####.#
#.<...@g.?.#
#..#.#######
#....()...#
##....###.#
##.#. .#
..... #
#####. ##


You could see Ijyb (poisoned).

Vanquished Creatures
  A phantom (D:4)
  2 orc priests (D:3)
  2 orc wizards (D:3)
  A gnoll (D:1)
  3 adders
  A dart slug (D:3)
  2 ribbon worms
  5 orcs
  An endoplasm (D:3)
  8 goblins
  7 hobgoblins
  2 kobolds
  3 quokkas
  3 ball pythons
  4 bats
  4 frilled lizards
  4 rats
53 creatures vanquished.

Notes
Turn   | Place    | Note
-------+----------+-------------------------------------------
     0 | D:1      | ezpacito the Coglin Chaos Knight began the quest for the
                  | Orb.
     0 | D:1      | Reached XP level 1. HP: 18/18 MP: 1/1
   170 | D:1      | Found a faded altar of an unknown god.
   188 | D:1      | Reached skill level 1 in Dodging
   280 | D:1      | Reached XP level 2. HP: 20/24 MP: 2/2
   339 | D:1      | XOM: smoke on damage
   504 | D:1      | XOM: noise
   689 | D:1      | XOM: silly message
   767 | D:1      | Reached XP level 3. HP: 19/29 MP: 3/3
   906 | D:2      | Reached skill level 1 in Evocations
   928 | D:2      | Found a shimmering altar of Xom.
  1180 | D:2      | Reached XP level 4. HP: 32/35 MP: 4/4
  1369 | D:3      | Reached skill level 1 in Polearms
  1388 | D:3      | Reached XP level 5. HP: 18/41 MP: 5/5
  1481 | D:3      | XOM: 1-stop teleportation journey
  1510 | D:3      | Found an ornate altar of the Wu Jian Council.
  1536 | D:3      | Found a burning altar of Makhleb.
  1646 | D:3      | Noticed a +0 spear
  1652 | D:3      | Found a hide-covered altar of Uskayaw.
  1652 | D:3      | Noticed a +0 short sword
  1652 | D:3      | Noticed a +0 spear
  1653 | D:3      | Noticed a +0 short sword
  1655 | D:3      | Noticed a +0 dagger
  1659 | D:3      | Noticed a +0 falchion
  1659 | D:3      | Noticed a +0 dagger
  1693 | D:3      | Noticed a +0 falchion
  1783 | D:3      | Found a snail-covered altar of Cheibriados.
  1994 | D:4      | Noticed a phantom
  1999 | D:4      | XOM: blink monster(s)
  2007 | D:3      | Reached skill level 1 in Stealth
  2019 | D:4      | Noticed Ijyb
  2020 | D:4      | Paralysed by Ijyb for 2 turns
  2025 | D:4      | Killed a phantom
  2026 | D:4      | Reached XP level 6. HP: 29/48 MP: 7/7
  2026 | D:4      | XOM: silly message
  2026 | D:4      | Paralysed by Ijyb for 5 turns
  2031 | D:4      | Gained mutation: You are vulnerable to cold. (rC-) [potion
                  | of mutation]
  2031 | D:4      | Gained mutation: Armour fits poorly on your strangely
                  | shaped body. [potion of mutation]
  2031 | D:4      | Gained mutation: You are partially covered in large bone
                  | plates. (SH +4) [potion of mutation]
  2035 | D:4      | Succumbed to Ijyb's poison

Illustrated notes

Levels and vault maps discovered:
D:1:      evilmike_arrival_rings, layout_basic,
          shapermc_ecumenical_altar_mp_highgroup
D:2:      layout_rooms, basic_altar
D:3:      layout_loops_ring, cheibriados_altar_1, nicolae_uskayaw_en_pointe,
          mainiacjoe_overflow_paths, lemuel_round_altar
D:4:      layout_loops_corners, tso_oasis_becter, zin_purify, serial_shops,
          shop, hex_tiny, uniq_pikel, uniq_ijyb, uniq_menkaure

Skill      XL: |  1  2  3  4  5 |
---------------+----------------+-----
Dodging        | 1 2 |  2.1
Armour         | 2 |  2.6
Evocations     | 1 2 |  2.7
Polearms       | 1 |  1.3
Stealth        | 1 |  1.2
Fighting       | |  3.8
Axes           | |  3.7
Unarmed Combat | |  0.8
Spellcasting   | |  0.9

Action                     |  1- 3 |  4- 6 || total
---------------------------+-------+-------++-------
  Melee: Hand axe          |    76 |    47 ||   123
         Dagger            |    53 |       ||    53
         Spear             |    28 |    29 ||    57
         War axe           |       |    22 ||    22
    Use: Potion            |       |     5 ||     5
 Armour: Leather armour    |    30 |       ||    30
         Chain mail        |    16 |    70 ||    86
  Dodge: Dodged            |    40 |    15 ||    55

Table legend: (Time is in decaauts)
 A = Elapsed time spent in this place.
 B = Non-inter-level travel time spent in this place.
 C = Inter-level travel time spent in this place.
 D = Time resting spent in this place.
 E = Time spent auto-exploring this place.
 F = Levels seen in this place.
 G = Mean time per level.
                   A        B        C        D        E       F      G
               +--------+--------+--------+--------+--------+-----+--------+
         Total |   2049 |   1952 |     97 |     86 |   1457 |   4 |  512.2 |
       Dungeon |   2049 |   1952 |     97 |     86 |   1457 |   4 |  512.2 |
               +--------+--------+--------+--------+--------+-----+--------+

Top non-repeatable levels by time:
     D:1: 875 daAuts
     D:3: 749 daAuts
     D:2: 396 daAuts
     D:4: 28 daAuts
